 Dungeon Crawl Stone Soup version 0.30-a0-862-g1aabd4f9c5 (webtiles) character file.

Game seed: 12391717292920693856

2975 cheesebisquit the Grappler (level 9, -6/88 HPs)
             Began as a Troll Fighter on Mar 9, 2023.
             Mangled by a sun demon (23 damage)
             ... summoned by a kobold demonologist
             ... in a bailey.
             The game lasted 00:21:37 (6350 turns).

cheesebisquit the Grappler (Troll Fighter)          Turns: 6350, Time: 00:21:37

Health: -6/88      AC:  6    Str: 30    XL:     9   Next: 53%
Magic:  8/8        EV:  8    Int:  4    God:
Gold:   57         SH:  9    Dex:  9    Spells: 8/8 levels left

rFire   . . .      SeeInvis .      - Unarmed
rCold   . . .      Faith    .    b - +0 kite shield
rNeg    . . .      Spirit   .    D - +2 robe {Will+}
rPois   .          Reflect  .    x - +0 hat
rElec   .          Rampage  .    (no cloak)
rCorr   .                        (gloves unavailable)
Will    +....                    (boots unavailable)
Stlth   +                        (no amulet)
HPRegen 1.14/turn                (no ring)
MPRegen 0.11/turn                (no ring)

@: invisible
A: large, unfitting armour, claws 3, regeneration 1, shaggy fur 1, tough skin 1
a: no special abilities


You were in a bailey.
You visited 2 branches of the dungeon, and saw 8 of its levels.
You also visited: Bailey.

You collected 466 gold pieces.
You spent 409 gold pieces at shops.

Inventory:

Hand Weapons
 f - a +0 flail of holy wrath
 j - a +0 morningstar
Missiles
 a - 2 boomerangs (quivered)
 w - 4 poisoned darts
 C - 2 stones
Armour
 b - a +0 kite shield (worn)
 x - a +0 hat (worn)
 D - a +2 robe of willpower (worn)
Jewellery
 g - an amulet of magic regeneration
Scrolls
 k - a scroll of poison
 m - 2 scrolls of teleportation
 o - 2 scrolls of vulnerability
 p - a scroll of immolation
 s - a scroll of fear
 t - 2 scrolls of magic mapping
 u - a scroll of torment
 y - 2 scrolls of acquirement
 z - a scroll of silence {unknown}
 A - a scroll of noise {unknown}
 B - a scroll of enchant weapon {unknown}
Potions
 c - 2 potions of cancellation
 d - a potion of degeneration
 e - 7 potions of curing
 h - a potion of ambrosia
 l - a potion of brilliance
 n - 3 potions of heal wounds
 q - a potion of mutation


   Skills:
 + Level 5.6 Fighting
 + Level 5.0 Throwing
 - Level 2.4 Dodging
 + Level 6.0 Shields
 * Level 8.8 Unarmed Combat


You had 8 spell levels left.
You didn't know any spells.
Your spell library contained the following spells:

 Spells                   Type           Power      Damage    Failure   Level
 Animate Armour           Summ/Erth      0%         N/A       100%        4
 Blade Hands              Tmut           0%         N/A       100%        5
 Iron Shot                Conj/Erth      0%         9d1       100%        6


Dungeon Overview and Level Annotations

Branches:
Dungeon (7/15)             Temple (1/1) D:4          Bailey (1/1)

Altars:
Ashenzari
Dithmenos
Fedhas
Gozag
Hepliaklqana
Kikubaaqudgha
Makhleb
Nemelex Xobeh
Qazlal
Sif Muna
Trog
Vehumet
Wu Jian
Xom
Zin
The Shining One

Shops:
D:3 !   D:6 =?*[

Annotations:
D:3 3 runed translucent doors, Maxmaps's ghost, amateur GnMo
D:5 3 runed translucent doors, jerryboi's ghost, weakling SpDe


Innate Abilities, Weirdness & Mutations

You are too large for most types of armour.
You have claws for hands.
Your natural rate of healing is unusually fast.
You are covered in fur. (AC +1)
You have tough skin. (AC +1)


Message History

You throw a boomerang. The boomerang barely misses the orc.
You throw a boomerang.
The boomerang barely misses the orc warrior.
The boomerang hits the kobold demonologist!
The kobold demonologist is lightly wounded.
You throw a boomerang. The boomerang hits the sun demon.
The sun demon is lightly wounded.
You catch the helpless sun demon completely off-guard!
You scratch the sun demon but do no damage.
The sun demon is lightly wounded.
The sun demon barely misses you.
You catch the helpless sun demon completely off-guard!
You mangle the sun demon!!
The sun demon is heavily wounded.
You scratch the sun demon but do no damage.
The sun demon is heavily wounded.
The sun demon hits you!
You are engulfed in flames!
You catch the helpless sun demon completely off-guard!
You scratch the sun demon but do no damage.
The sun demon is heavily wounded.
The kobold demonologist casts a spell.
You strike the helpless sun demon from behind!
You claw the sun demon!
The sun demon is almost dead.
The crimson imp shouts!
You barely miss the goblin. The goblin barely misses you.
You closely miss the goblin. You miss the sun demon.
The sun demon is severely wounded.
The sun demon hits you!!
You are engulfed in flames!
You hear a shout!
You catch the helpless sun demon completely off-guard!
You scratch the sun demon but do no damage.
The sun demon is severely wounded.
The sun demon hits you!
* * * LOW HITPOINT WARNING * * *
You are engulfed in flames!
* * * LOW HITPOINT WARNING * * *
The sun demon hits you!!
You die...

≈≈≈≈≈≈≈≈≈≈≈≈≈≈≈≈≈≈≈≈≈≈≈
≈≈≈≈≈≈≈≈≈≈≈≈≈≈≈≈≈≈≈≈≈≈≈≈≈≈
≈≈≈≈≈######~~~~~~~~~~~###### ≈≈≈
≈≈≈≈≈#.'........∩..).....'.# ≈≈≈≈
≈≈≈≈≈###..######.######..###≈≈≈≈≈
≈≈≈≈≈#....#...#...#.??#....#≈≈≈≈≈
≈≈≈≈≈#..).#...#...#.:?#..).#≈≈≈≈≈
≈≈≈≈≈#'#)##+###8.8###+##)#'#≈≈≈≈≈
≈≈≈≈≈~.#.)# #.@.# #..#.~≈≈≈≈≈
≈≈≈≈≈~.#..# #838# #..#.~≈≈≈≈≈
≈≈≈≈≈~.#..# #.o.# #..#.~≈≈≈≈≈
≈≈≈≈≈~.#..# #.K.# #..#.~≈≈≈≈≈
≈≈≈≈≈~.#..# ##o## #..#.~≈≈≈≈≈
≈≈≈≈≈~.##)# .g5 #)##.~≈≈≈≈≈
≈≈≈≈≈~.#).# o.5.. #).#.~≈≈≈≈≈
≈≈≈≈≈~.#.8# ....... #8.#.~≈≈≈≈≈
≈≈≈≈≈~.#..# ......... #..#.~≈≈≈≈≈


You could see a sun demon (summoned, unable to see you), a kobold demonologist
(unable to see you), an orc warrior (unable to see you), an iron imp (summoned,
unable to see you), a shadow imp (summoned, unable to see you), an orc (unable
to see you) and a goblin (unable to see you).

Vanquished Creatures
  An orc knight (Bailey)
  A kobold demonologist (Bailey)
  A wyvern (D:7)
  Eustachio (D:6)
  6 orc warriors (Bailey)
  An ice beast (D:6)
  A centaur (D:5)
  2 ogres (D:5)
  A phantom (D:6)
  A bullfrog (D:3)
  A scorpion (D:6)
  3 electric eels (Bailey)
  A vampire bat (D:3)
  A howler monkey (D:5)
  A hound (D:4)
  A jelly (D:4)
  A sleepcap (D:7)
  3 orc priests
  3 iguanas
  Terence (D:3)
  2 orc wizards
  6 gnolls
  5 adders
  A shadow imp (D:6)
  2 worms
  5 dart slugs
  3 fire bats (D:3)
  17 orcs
  2 spectral bats (D:3)
  3 ball pythons
  14 bats
  A bat simulacrum (D:3)
  3 bat skeletons (D:3)
  A bat zombie (D:3)
  9 endoplasms
  5 giant cockroaches
  15 goblins
  13 hobgoblins
  2 jackals (D:2)
  3 quokkas
  2 frilled lizards (D:3)
  4 kobolds
  9 rats
159 creatures vanquished.

Notes
Turn   | Place    | Note
-------+----------+-------------------------------------------
     0 | D:1      | cheesebisquit the Troll Fighter began the quest for the
                  | Orb.
     0 | D:1      | Reached XP level 1. HP: 22/22 MP: 0/0
    99 | D:1      | Reached XP level 2. HP: 29/29 MP: 1/1
   379 | D:1      | Reached XP level 3. HP: 36/36 MP: 2/2
   645 | D:1      | Reached skill level 3 in Unarmed Combat
  1242 | D:2      | Reached XP level 4. HP: 39/44 MP: 3/3
  1683 | D:3      | Noticed a bullfrog
  1693 | D:3      | Killed a bullfrog
  1694 | D:3      | Reached skill level 1 in Throwing
  1694 | D:3      | Reached XP level 5. HP: 46/53 MP: 4/4
  1752 | D:3      | Found Wazxalil's Distillery.
  1755 | D:3      | Bought 2 potions of heal wounds for 100 gold pieces
  1772 | D:3      | Found a sparkling altar of Nemelex Xobeh.
  1948 | D:3      | Reached skill level 4 in Unarmed Combat
  2035 | D:3      | Reached XP level 6. HP: 61/61 MP: 5/5
  2068 | D:3      | Noticed Terence
  2075 | D:3      | Killed Terence
  2134 | D:3      | Found an opulent altar of Gozag.
  2640 | D:3      | Found a runed translucent gate.
  2640 | D:3      | Found a runed translucent gate.
  2640 | D:3      | Found a runed translucent gate.
  2641 | D:3      | Noticed Maxmaps's ghost (amateur GnMo)
  3294 | D:4      | Found a staircase to the Ecumenical Temple.
  3629 | Temple   | Entered the Ecumenical Temple
  3871 | D:5      | Entered Level 5 of the Dungeon
  3880 | D:5      | Reached skill level 5 in Unarmed Combat
  3954 | D:5      | Reached XP level 7. HP: 60/68 MP: 6/6
  4605 | D:5      | Found a glowing silver altar of Zin.
  4719 | D:5      | Found a runed translucent gate.
  4719 | D:5      | Noticed jerryboi's ghost (weakling SpDe)
  4720 | D:5      | Found a runed translucent gate.
  4720 | D:5      | Identified the +11 whip of the Inferno {heavy, +Blink rPois
                  | rN+}
  4721 | D:5      | Found a runed translucent gate.
  4958 | D:6      | Found Fuus Cugi's Assorted Antiques.
  4965 | D:6      | Bought a potion of heal wounds for 125 gold pieces
  4965 | D:6      | Bought a scroll labelled SARIQAE KUIKH for 25 gold pieces
  4965 | D:6      | Bought a scroll labelled HEQUPENNIENA for 25 gold pieces
  4965 | D:6      | Bought a scroll of identify for 50 gold pieces
  5198 | D:6      | Found Onakiybb's Antique Armour Shoppe.
  5243 | D:6      | Found Pellun's Magic Scroll Emporium.
  5249 | D:6      | Bought a scroll of identify for 28 gold pieces
  5249 | D:6      | Bought a scroll of identify for 28 gold pieces
  5265 | D:6      | Reached skill level 6 in Unarmed Combat
  5285 | D:6      | Reached XP level 8. HP: 72/78 MP: 7/7
  5294 | D:6      | Noticed Eustachio
  5314 | D:6      | Killed Eustachio
  5506 | D:6      | Found Zamis's Jewellery Boutique.
  5621 | D:6      | Bought a scroll of identify for 28 gold pieces
  5697 | D:7      | Reached skill level 5 in Shields
  5711 | D:7      | Reached skill level 7 in Unarmed Combat
  5764 | D:7      | Found a flagged portal.
  5790 | Bailey   | Entered a bailey
  5891 | Bailey   | Noticed a kobold demonologist
  5893 | Bailey   | Reached skill level 5 in Fighting
  5907 | Bailey   | Killed a kobold demonologist
  5908 | Bailey   | Reached XP level 9. HP: 79/88 MP: 8/8
  5950 | Bailey   | Reached skill level 8 in Unarmed Combat
  6034 | Bailey   | Noticed an orc knight
  6048 | Bailey   | Killed an orc knight
  6162 | Bailey   | Reached skill level 5 in Throwing
  6334 | Bailey   | Found an iron altar of Okawaru.
  6334 | Bailey   | Noticed a kobold demonologist
  6335 | Bailey   | Noticed a sun demon
  6350 | Bailey   | Mangled by a sun demon

Illustrated notes

Levels and vault maps discovered:
D:1:      grunt_arrival_crossed_arrows, layout_loops_corners,
          chequers_serial_rivers_room_b, st_stairs_7, amethyst_killhole,
          minmay_misc_feat_columns, minmay_tiny_reverse_x
D:2:      layout_basic, minmay_worlds_worst_comb
D:3:      layout_basic, nemelex_dance_club_becter, nicolae_gozag_seed_capital,
          ebering_ghost_rock_garden, serial_shops, nicolae_shop_window_shopping,
          goddamned_bats, uniq_terence
D:4:      layout_cave_pods, minmay_temple_entry_junction_2
D:5:      layout_rooms, zin_scriptorium, biasface_ghost_orc_armoury
D:6:      layout_rooms, serial_shops, nicolae_diamond_shop,
          nicolae_shop_behind_doors, nicolae_square_shop, shop,
          nicolae_concentric_dashed_squares_mild, uniq_eustachio
D:7:      layout_loops_ring, serial_co_window_serial, co_window_cross_1,
          co_window_paths_a, co_window_corner_a, co_window_paths_a,
          co_window_paths_a, co_window_of_opportunity_a, co_window_paths_c,
          co_window_unsneaky_path_a, co_window_of_opportunity_c,
          co_window_paths_c, co_window_broadway_a, co_window_sun,
          co_window_4corner_b, glass_columns_b, glass_columns_b,
          glass_columns_c, glass_columns_a, enter_bailey_4
Temple:   nicolae_temple_figure_eight
Bailey:   bailey_axe_of_yendor_kennysheep, bailey

Skill      XL: |  1  2  3  4  5  6  7  8  9 |
---------------+----------------------------+-----
Shields        | 3 4 5 6 |  6.0
Unarmed Combat | 3 4 5 6 7 8 |  8.8
Fighting       | 3 4 5 |  5.6
Throwing       | 1 2 3 4 5 |  5.0
Dodging        | |  2.4

Action                     |  1- 3 |  4- 6 |  7- 9 || total
---------------------------+-------+-------+-------++-------
  Melee: Unarmed           |   101 |   138 |   190 ||   429
  Throw: Dart              |    23 |    53 |    14 ||    90
         Large rock        |       |    11 |     7 ||    18
         Stone             |       |     4 |    28 ||    32
         Throwing net      |       |       |     1 ||     1
         Boomerang         |       |       |    14 ||    14
    Use: Scroll            |       |       |    15 ||    15
         Potion            |       |       |     4 ||     4
   Stab: Invisible         |       |       |     5 ||     5
 Armour: Robe              |    32 |    69 |    26 ||   127
  Dodge: Dodged            |    28 |    59 |    62 ||   149
  Block: Kite shield       |    26 |    78 |    74 ||   178

Table legend: (Time is in decaauts)
 A = Elapsed time spent in this place.
 B = Non-inter-level travel time spent in this place.
 C = Inter-level travel time spent in this place.
 D = Time resting spent in this place.
 E = Time spent auto-exploring this place.
 F = Levels seen in this place.
 G = Mean time per level.
                   A        B        C        D        E       F      G
               +--------+--------+--------+--------+--------+-----+--------+
         Total |   6390 |   5917 |    473 |    331 |   4420 |   9 |  710.0 |
       Dungeon |   5611 |   5149 |    462 |    323 |   3832 |   7 |  801.6 |
        Temple |    218 |    207 |     11 |      0 |    203 |   1 |  218.0 |
        Bailey |    560 |    560 |      0 |      8 |    385 |   1 |  560.0 |
               +--------+--------+--------+--------+--------+-----+--------+

Top non-repeatable levels by time:
     D:3: 1216 daAuts
     D:5: 1029 daAuts
     D:1: 968 daAuts
     D:4: 931 daAuts
     D:2: 700 daAuts
     D:6: 603 daAuts
  Bailey: 560 daAuts
  Temple: 218 daAuts
     D:7: 160 daAuts
